 Dungeon Crawl Stone Soup version 0.29-a0-1016-g236c7fd91e (webtiles) character file.

Game seed: 17194559358140545107

60 drpainis the Sneak (level 3, -1/16 HPs)
             Began as a Spriggan Enchanter on Aug 9, 2022.
             Slain by an orc priest
             ... wielding a +0 trident
              (3 damage)
             ... on level 3 of the Dungeon.
             The game lasted 00:04:41 (3849 turns).

drpainis the Sneak (Spriggan Enchanter)             Turns: 3849, Time: 00:04:41

Health: -1/16      AC:  2    Str: 10    XL:     3   Next: 80%
Magic:  8/8        EV: 17    Int: 18    God:
Gold:   136        SH:  0    Dex: 15    Spells: 0/8 levels left

rFire   . . .      SeeInvis +   a - +1 dagger
rCold   . . .      Faith    .   (no shield)
rNeg    . . .      Spirit   .   b - +0 robe
rPois   .          Reflect  .   (helmet restricted)
rElec   .          Harm     .   (no cloak)
rCorr   .          Rampage  .   (gloves unavailable)
Will    .....                   (boots unavailable)
Stlth   +++.......              i - amulet of magic regeneration
HPRegen 0.05/turn               l - +6 ring of strength
MPRegen 0.51/turn               (no ring)

@: very slightly contaminated, very quick
A: very small, no large weapons, unfitting armour, see invisible, speed 3
a: no special abilities


You were on level 3 of the Dungeon.
You visited 1 branch of the dungeon, and saw 3 of its levels.

You collected 136 gold pieces.

Inventory:

Hand Weapons
 a - a +1 dagger (weapon)
Armour
 b - a +0 robe (worn)
Magical Staves
 d - a staff of cold
Jewellery
 i - an amulet of magic regeneration (around neck)
 l - a +6 ring of strength (left hand)
Scrolls
 e - a scroll of teleportation {unknown}
 h - 2 scrolls of immolation {unknown}
 k - a scroll of magic mapping {unknown}
 n - a scroll of butterflies {unknown}
 o - a scroll of noise {unknown}
 p - a scroll of amnesia {unknown}
Potions
 c - 2 potions of invisibility
 f - 4 potions of curing {unknown}
 g - 2 potions of heal wounds {unknown}
 j - a potion of lignification {unknown}
 m - a potion of might {unknown}


   Skills:
 + Level 0.1 Fighting
 + Level 1.7 Short Blades
 + Level 2.8 Dodging
 + Level 5.8 Stealth
 + Level 3.1 Spellcasting
 + Level 4.2 Hexes
 + Level 0.2 Ice Magic


You couldn't memorise any spells.
You knew the following spells:

 Your Spells              Type           Power      Damage    Failure   Level
a - Ensorcelled Hibernat  Hex/Ice        20%        N/A       10%         2
b - Confusing Touch       Hex            18%        N/A       9%          3
c - Tukima's Dance        Hex            18%        N/A       9%          3

Your spell library contained the following spells:

 Spells                   Type           Power      Damage    Failure   Level
 Dazzling Flash           Conj/Hex       20%        N/A       21%         3
 Passwall                 Tmut/Erth      1%         N/A       24%         2
 Conjure Flame            Conj/Fire      2%         6-21      43%         3
 Ignite Poison            Fire/Tmut/Pois 2%         N/A       43%         3
 Swiftness                Air            2%         N/A       43%         3
 Sticky Flame             Conj/Fire      2%         2d3       85%         4


Dungeon Overview and Level Annotations

Branches:
Dungeon (3/15)

Altars:

Annotations:
D:3 Ijyb


Innate Abilities, Weirdness & Mutations

You are very small and have problems with some larger weapons.
You are too small for most types of armour.
You have supernaturally acute eyesight. (SInv)
You cover ground extremely quickly. (Speed+++)


Message History

Aiming: Ensorcelled Hibernation (safe; 10% risk of failure)
Press: ? - help, Shift-Dir - straight line, f/p - orc
Aim: an orc, wielding a +0 dagger (chance to affect: 62%)
You miscast Ensorcelled Hibernation.
You are very lightly contaminated with residual magic.
Nothing appears to happen.
Casting: Ensorcelled Hibernation (safe; 10% risk of failure)
Confirm with . or Enter, or press ? or * to list all spells.
Aiming: Ensorcelled Hibernation (safe; 10% risk of failure)
Press: ? - help, Shift-Dir - straight line, f/p - orc
Aim: an orc, wielding a +0 dagger (chance to affect: 62%)
You miscast Ensorcelled Hibernation.
Nothing appears to happen.
Casting: Ensorcelled Hibernation (safe; 10% risk of failure)
Confirm with . or Enter, or press ? or * to list all spells.
You don't know that spell.
Casting: Ensorcelled Hibernation (safe; 10% risk of failure)
Confirm with . or Enter, or press ? or * to list all spells.
Aiming: Ensorcelled Hibernation (safe; 10% risk of failure)
Press: ? - help, Shift-Dir - straight line, f/p - orc
Aim: an orc, wielding a +0 dagger (chance to affect: 62%)
You miscast Ensorcelled Hibernation.
Nothing appears to happen.
Casting: Ensorcelled Hibernation (safe; 10% risk of failure)
Confirm with . or Enter, or press ? or * to list all spells.
Aiming: Ensorcelled Hibernation (safe; 10% risk of failure)
Press: ? - help, Shift-Dir - straight line, f/p - orc
Aim: an orc, wielding a +0 dagger (chance to affect: 62%)
The orc looks drowsy...
The orc hits you with a +0 dagger.
* * * LOW HITPOINT WARNING * * *
Ijyb zaps a wand.
Some rock shatters into small pieces.
The now-empty wand crumbles to dust.
You closely miss the orc. The orc misses you.
The orc priest begins to cast a cantrip, but forgets the words!
A dart slug comes into view.
The orc priest completely misses you. The orc priest completely misses you.
The dart slug launches a dart at you. The slug dart misses you.
The orc priest closely misses you.
The orc priest hits you from afar with a +0 trident.
You die...

########## #........#
#........# #>.......#
########........#
#...............#
#.......@.....#
#.####<.......# #######o#
###o.....## #.......#
#........#########
..#####.###.##.....#.......#
........oow.......)........#
...###....###......).......#
#...#..#...#.............#
#.⌠.#..#.⌠.#.#...........#


You could see an orc priest and a dart slug.

Vanquished Creatures
  Terence (D:2)
  2 dart slugs
  3 endoplasms
  2 giant cockroaches
  4 goblins
  7 hobgoblins
  5 kobolds
  2 quokkas
  3 frilled lizards
  2 rats
31 creatures vanquished.

Vanquished Creatures (others)
  A giant cockroach (D:1)
1 creature vanquished.

Grand Total: 32 creatures vanquished

Notes
Turn   | Place    | Note
-------+----------+-------------------------------------------
     0 | D:1      | drpainis the Spriggan Enchanter began the quest for the
                  | Orb.
     0 | D:1      | Reached XP level 1. HP: 9/9 MP: 5/5
   306 | D:1      | Found a faded altar of an unknown god.
   423 | D:1      | Reached XP level 2. HP: 4/13 MP: 6/6
   782 | D:1      | Learned a level 2 spell: Ensorcelled Hibernation
  1587 | D:1      | Reached skill level 5 in Stealth
  2286 | D:2      | Noticed Terence
  2293 | D:2      | Killed Terence
  2294 | D:2      | Reached XP level 3. HP: 16/16 MP: 4/8
  2372 | D:2      | Learned a level 3 spell: Confusing Touch
  2376 | D:2      | Learned a level 3 spell: Tukima's Dance
  2763 | D:3      | Noticed a phantom
  3767 | D:3      | Noticed Ijyb
  3849 | D:3      | Slain by an orc priest

Illustrated notes

Levels and vault maps discovered:
D:1:      minmay_arrival_hallway, layout_loops_ring,
          shapermc_ecumenical_altar_mp_ritualfount, lemuel_flame_loot_1
D:2:      layout_basic, kennysheep_generic_room_11, uniq_terence
D:3:      layout_rooms, fountainhead, uniq_ijyb, uniq_crazy_yiuf_cottage

Skill      XL: |  1  2 |
---------------+-------+-----
Hexes          | 4 |  4.2
Stealth        | 5 |  5.8
Spellcasting   | 3 |  3.1
Fighting       | |  0.1
Short Blades   | |  1.7
Dodging        | |  2.8
Ice Magic      | |  0.2

Action                   || total
-------------------------++-------
Melee: Dagger            ||   113
 Cast: Ensorcelled Hiber ||    25
       Confusing Touch   ||     1
 Stab: Sleeping          ||    19
Armor: Robe              ||    11
Dodge: Dodged            ||    77

Table legend: (Time is in decaauts)
 A = Elapsed time spent in this place.
 B = Non-inter-level travel time spent in this place.
 C = Inter-level travel time spent in this place.
 D = Time resting spent in this place.
 E = Time spent auto-exploring this place.
 F = Levels seen in this place.
 G = Mean time per level.
                   A        B        C        D        E       F      G
               +--------+--------+--------+--------+--------+-----+--------+
         Total |   3322 |   3321 |      1 |   2336 |    572 |   3 | 1107.3 |
       Dungeon |   3322 |   3321 |      1 |   2336 |    572 |   3 | 1107.3 |
               +--------+--------+--------+--------+--------+-----+--------+

Top non-repeatable levels by time:
     D:1: 1506 daAuts
     D:3: 1036 daAuts
     D:2: 780 daAuts
